 Dungeon Crawl Stone Soup version 0.31-a0-496-g6f97920a28 (webtiles) character file.

Game seed: 17733478216542108690

65 MisterAzrael the Cudgeller (level 4, 0/72 HPs)
             Began as an Ogre Berserker on Aug 8, 2023.
             Was a Believer of Trog.
             Slain by a hobgoblin
             ... wielding a +0 dagger
              (3 damage)
             ... on level 2 of the Dungeon.
             The game lasted 00:01:23 (1120 turns).

MisterAzrael the Cudgeller (Ogre Berserker)         Turns: 1120, Time: 00:01:23

Health: 0/72       AC:  3    Str: 29    XL:     4   Next: 14%
Magic:  4/4        EV: 10    Int:  8    God:    Trog [**....]
Gold:   159        SH:  0    Dex:  8    Spells: 3/3 levels left

rFire   . . .        a - +0 mace
rCold   . . .        (no shield)
rNeg    . . .        b - +0 animal skin
rPois   .            (helmet restricted)
rElec   .            (no cloak)
rCorr   .            (gloves unavailable)
SInv    .            (boots unavailable)
Will    ++...        (no amulet) Stlth
                     e - +6 ring of strength
HPRegen 1.32/turn    (no ring)
MPRegen 0.09/turn

%: no passive effects
@: berserking (expiring), strong-willed, regenerating, very quick
A: large, unfitting armour, tough skin 1
a: Renounce Religion, Berserk, Trog's Hand


You were on level 2 of the Dungeon.
You worshipped Trog.
Trog was pleased with you.
You visited 1 branch of the dungeon, and saw 2 of its levels.

You collected 159 gold pieces.

Inventory:

Hand Weapons
 a - a +0 mace (weapon)
Missiles
 g - 6 silver javelins
 k - 6 poisoned darts
 l - 5 boomerangs
Armour
 b - a +0 animal skin (worn)
Jewellery
 e - a +6 ring of strength (left hand)
Scrolls
 c - a scroll of noise {unknown}
 i - a scroll of acquirement {unknown}
 j - 2 scrolls of identify {unknown}
 m - a scroll of enchant armour {unknown}
 n - a scroll of amnesia {unknown}
 o - a scroll of revelation {unknown}
 p - a scroll of teleportation {unknown}
Potions
 d - a potion of enlightenment {unknown}
 f - a potion of berserk rage {unknown}
 h - a potion of curing {unknown}
 q - a potion of might {unknown}


   Skills:
 - Level 4.0 Fighting
 * Level 4.2 Maces & Flails
 + Level 1.2 Throwing
 - Level 2.6 Dodging


You had 3 spell levels left.
You didn't know any spells.
Your spell library was empty.

Dungeon Overview and Level Annotations

Branches:
Dungeon (2/15)

Altars:
Ashenzari

Annotations:
D:2 Natasha


Innate Abilities, Weirdness & Mutations

You are too large for most types of armour.
You have tough skin. (AC +1)


Message History

The cerulean imp closely misses you.
You barely miss the goblin. The goblin hits you with a +0 club.
* * * LOW HITPOINT WARNING * * *
The cerulean imp hits you from afar with a +1 spear.
* * * LOW HITPOINT WARNING * * *
The cerulean imp hits you but does no damage.
The cerulean imp hits you from afar with a +1 spear.
* * * LOW HITPOINT WARNING * * *
You barely miss the goblin. The goblin hits you with a +0 club.
* * * LOW HITPOINT WARNING * * *
The cerulean imp hits you from afar with a +1 spear.
* * * LOW HITPOINT WARNING * * *
The cerulean imp closely misses you. x2
You bludgeon the goblin!!
You kill the goblin!
Trog accepts your kill.
Unknown command.
The cerulean imp misses you. The cerulean imp barely misses you.
The cerulean imp hits you with a +2 spear.
* * * LOW HITPOINT WARNING * * *
Items here: ) = [ †.
You closely miss the cerulean imp. The cerulean imp barely misses you.
The cerulean imp hits you with a +2 spear.
* * * LOW HITPOINT WARNING * * *
The cerulean imp barely misses you.
You sock the cerulean imp!
You kill the cerulean imp!
The cerulean imp disappears in a puff of smoke!
The cerulean imp hits you but does no damage. x2
You thump the quokka!
You kill the quokka!
Trog accepts your kill.
You can now call upon Trog for regeneration and willpower.
The cerulean imp hits you with a +1 spear.
* * * LOW HITPOINT WARNING * * *
You closely miss the hobgoblin.
The cerulean imp hits you with a +2 spear.
* * * LOW HITPOINT WARNING * * *
The hobgoblin hits you with a +0 dagger.
You die...

#..# #.# ## #..#
..# . #..# ###
#. #..#
.###.#####..#
........##..#
........##..#
#.#
.......5##..#
#.#
......hg@...#
#.#
.......5##.##
#.# ........##.#
#.# ./......##.#
#.# ##
...#######>#
####.###. ..
#.######.<......
.
#........##.####
#.######........
#...# #.##.####


You could see Natasha, 2 cerulean imps and a hobgoblin.

Vanquished Creatures
  3 adders (D:2)
  2 bats (D:2)
  3 endoplasms
  3 giant cockroaches
  3 goblins
  4 hobgoblins
  5 jackals (D:1)
  2 kobolds
  A quokka (D:2)
  3 ball pythons
  4 frilled lizards
  3 rats
36 creatures vanquished.

Notes
Turn   | Place    | Note
-------+----------+-------------------------------------------
     0 | D:1      | MisterAzrael the Ogre Berserker began the quest for the
                  | Orb.
     0 | D:1      | Reached XP level 1. HP: 24/24 MP: 1/1
   154 | D:1      | Reached XP level 2. HP: 32/32 MP: 2/2
   719 | D:2      | Reached XP level 3. HP: 39/39 MP: 3/3
   859 | D:2      | Reached ** piety under Trog
  1017 | D:2      | Reached skill level 1 in Throwing
  1073 | D:2      | Found a broken altar of Ashenzari.
  1100 | D:2      | Identified the ring "Ziloydd" {rC+ AC+4 Str+2 Dex+4}
  1100 | D:2      | Noticed Natasha
  1109 | D:2      | Reached XP level 4. HP: 20/48 MP: 4/4
  1120 | D:2      | HP: 3/72 [cerulean imp/+2 spear[Natasha] (3)]
  1120 | D:2      | Slain by a hobgoblin

Illustrated notes

Levels and vault maps discovered:
D:1:      dpeg_arrival_tiny_h, layout_loops_ring
D:2:      layout_loops_ring, basic_altar, uniq_natasha

Skill      XL: |  1  2  3 |
---------------+----------+-----
Maces & Flails | 3 4 |  4.2
Throwing       | 1 |  1.2
Fighting       | |  4.0
Dodging        | |  2.6

Action                     |  1- 3 |  4- 6 || total
---------------------------+-------+-------++-------
  Melee: Mace              |   110 |     9 ||   119
         Punch             |     1 |       ||     1
 Invoke: Berserk           |       |     1 ||     1
         Trog's Hand       |       |     1 ||     1
 Armour: Animal skin       |    45 |     5 ||    50
  Dodge: Dodged            |    78 |     8 ||    86

Table legend: (Time is in decaauts)
 A = Elapsed time spent in this place.
 B = Non-inter-level travel time spent in this place.
 C = Inter-level travel time spent in this place.
 D = Time resting spent in this place.
 E = Time spent auto-exploring this place.
 F = Levels seen in this place.
 G = Mean time per level.
                   A        B        C        D        E       F      G
               +--------+--------+--------+--------+--------+-----+--------+
         Total |   1141 |   1122 |     19 |     37 |    830 |   2 |  570.5 |
       Dungeon |   1141 |   1122 |     19 |     37 |    830 |   2 |  570.5 |
               +--------+--------+--------+--------+--------+-----+--------+

Top non-repeatable levels by time:
     D:1: 710 daAuts
     D:2: 431 daAuts
